 Dungeon Crawl Stone Soup version 0.22-a0-284-g99d1f7439c (webtiles) character file.

2724 Infinimo the Slicer (level 9, -3/56 HPs)
             Began as a Kobold Berserker on Mar 22, 2018.
             Was an Elder of Trog.
             Slain by an ice devil (16 damage)
             ... summoned by a kobold demonologist
             ... on level 6 of the Dungeon.
             The game lasted 00:10:47 (7311 turns).

Infinimo the Slicer (Kobold Berserker)              Turns: 7311, Time: 00:10:49

Health: -3/56      AC:  6    Str: 17    XL:     9   Next: 99%
Magic:  9/9        EV: 17    Int:  8    God:    Trog [****..]
Gold:   265        SH:  0    Dex: 15    Spells: 8/8 levels left

rFire    . . .     SeeInvis .   f - +1 dagger (venom)
rCold    . . .     Gourm    .   (shield restricted)
rNeg     . . .     Faith    .   m - +0 ring mail
rPois    .         Spirit   .   (no helmet)
rElec    .         Reflect  .   (no cloak)
rCorr    .         Harm     .   b - +0 pair of gloves
MR       .....                  (no boots)
Stlth    +.........             s - amulet of regeneration
HPRegen  0.58/turn              (no ring)
MPRegen  0.11/turn              (no ring)

@: flying
A: small, carnivore
a: Berserk, Trog's Hand, Brothers in Arms, Renounce Religion


You were on level 6 of the Dungeon.
You worshipped Trog.
Trog was greatly pleased with you.
You were not hungry.

You visited 1 branch of the dungeon, and saw 6 of its levels.

You collected 265 gold pieces.

Inventory:

Hand Weapons
 f - a +1 dagger of venom (weapon)
Armour
 b - a +0 pair of gloves (worn)
 m - a +0 ring mail (worn)
Jewellery
 s - an amulet of regeneration (around neck)
 u - an uncursed ring of positive energy {unknown}
Scrolls
 e - 5 scrolls of identify
 j - a scroll of fog
 n - 3 scrolls of teleportation
 o - 3 scrolls of remove curse
Potions
 a - a potion of cancellation
 d - 4 potions of haste
 g - 2 potions of brilliance {unknown}
 h - a potion of degeneration {unknown}
 i - 6 potions of curing
 k - 2 potions of flight
 l - a potion of heal wounds {unknown}
 p - 2 potions of agility {unknown}
 q - a potion of berserk rage {unknown}
 r - 2 potions of magic {unknown}
Comestibles
 c - 10 rations


   Skills:
 + Level 6.5 Fighting
 + Level 13.8 Short Blades
 - Level 1.5 Armour
 + Level 6.5 Dodging


You had 8 spell levels left.
You didn't know any spells.

Dungeon Overview and Level Annotations

Branches:
Dungeon (6/15)             Temple (0/1) D:6

Altars:
Cheibriados
Gozag
Nemelex Xobeh
Okawaru
Qazlal
Wu Jian
Xom
Zin

Shops:
D:5 *


Innate Abilities, Weirdness & Mutations

You are small and have problems with some larger weapons.
You are carnivorous and can eat meat at any time.


Message History

The acid corrodes the kobold demonologist!
The kobold demonologist is almost dead.
The now-empty wand crumbles to dust.
The sixfirhy hits you. The sixfirhy shocks you! The sixfirhy hits you.
The sixfirhy shocks you!
You enter the shallow water.
Moving in this stuff is going to be slow.
The kobold demonologist mumbles some strange words.
Okay, then.
Unknown command.
Okay, then.
You feel very buoyant.
You fly up into the air.
The sixfirhy hits you. The sixfirhy shocks you!
* * * LOW HITPOINT WARNING * * *
The kobold demonologist casts a cantrip, but nothing happens.
The ice devil hits you.
* * * LOW HITPOINT WARNING * * *
The ice devil freezes you!
You die...

########################.##.# #
#.................#.##.#
#.###############.#.##.#
#.#8≈#.....))#P8#.#.##†#
##.#P.#≈≈≈≈≈≈≈#.P#.#.##.#####
##..#$$#..≈≈≈..#..#...##......
#..©#©.'..≈♣≈..'.©#©..######## ##
#...#$.#..≈≈≈3.#..#.........# .#
#...#P.#≈≈≈≈≈@≈#.P#.#.#####.#
.####..#8≈#....54K#P8#.#.....#.#
.'..#..###############.#.###.#.#
.##.#..................#.......#
.##.#.##################.###.####
.##.#........................#.#.
.##.####################.##..#...
.##.# #...........#.......)..#.#.
.##.# #.#########.#.#.)##.#)##.#.


You could see an ice devil, a kobold demonologist, a sixfirhy and a shadow imp.

Vanquished Creatures
  The ghost of aredel the Skirmisher, an amateur NaFi (D:4)
  Grinder (D:3)
  Prince Ribbit (D:5)
  Sigmund (D:2)
  2 sky beasts (D:6)
  A black bear (D:6)
  2 ice beasts
  An ogre (D:6)
  An orc warrior (D:6)
  2 bullfrogs (D:6)
  2 scorpions
  3 crimson imps (D:5)
  A bullfrog zombie (D:5)
  A jelly (D:6)
  4 bullfrog skeletons
  7 orc priests
  6 orc wizards
  5 worker ants
  The ghost of aredel the Skirmisher, a weakling NaFi (D:3)
  A hound skeleton (D:5)
  6 adders
  10 gnolls
  A howler monkey skeleton (D:5)
  2 shadow imps (D:6)
  3 oozes
  An adder zombie (D:5)
  2 worms
  A dart slug (D:2)
  4 leopard geckos
  17 orcs
  3 bats
  4 giant cockroaches
  7 hobgoblins
  5 jackals
  9 kobolds
  3 quokkas
  2 ball pythons
  4 frilled lizards
  7 goblins
  A jackal zombie (D:5)
  2 leopard gecko skeletons
  5 rats
143 creatures vanquished.

Vanquished Creatures (others)
  A ball python (D:3)
  A bat (D:3)
2 creatures vanquished.

Grand Total: 145 creatures vanquished

Notes
Turn   | Place    | Note
-------+----------+-------------------------------------------
     0 | D:1      | Infinimo the Kobold Berserker began the quest for the Orb.
     0 | D:1      | Reached XP level 1. HP: 14/14 MP: 1/1
   542 | D:1      | Reached XP level 2. HP: 18/19 MP: 2/2
   695 | D:1      | Reached skill level 5 in Short Blades
  1154 | D:2      | Reached XP level 3. HP: 17/23 MP: 3/3
  1428 | D:2      | Reached skill level 6 in Short Blades
  1428 | D:2      | Reached XP level 4. HP: 24/28 MP: 4/4
  1565 | D:2      | Found an iron altar of Okawaru.
  1565 | D:2      | Noticed Sigmund
  1588 | D:2      | Killed Sigmund
  1588 | D:2      | Reached skill level 8 in Short Blades
  1588 | D:2      | Reached XP level 5. HP: 23/32 MP: 5/5
  1588 | D:2      | Reached XP level 6. HP: 26/37 MP: 6/6
  1634 | D:2      | Found a shimmering altar of Xom.
  1638 | D:2      | Reached ** piety under Trog
  1661 | D:2      | Found a glowing silver altar of Zin.
  1666 | D:2      | Found an ornate altar of the Wu Jian Council.
  1666 | D:2      | Found a sparkling altar of Nemelex Xobeh.
  2590 | D:3      | Reached skill level 9 in Short Blades
  2793 | D:3      | Noticed aredel's ghost (weakling NaFi)
  2808 | D:3      | Killed aredel's ghost
  3176 | D:3      | Reached XP level 7. HP: 34/41 MP: 7/7
  3229 | D:3      | Found a stormy altar of Qazlal.
  3230 | D:3      | Noticed Grinder
  3247 | D:3      | Killed Grinder
  3247 | D:3      | Reached skill level 10 in Short Blades
  3503 | D:3      | Reached skill level 11 in Short Blades
  3832 | D:4      | Reached XP level 8. HP: 46/46 MP: 8/8
  3899 | D:4      | Reached *** piety under Trog
  3961 | D:4      | Noticed aredel's ghost (amateur NaFi)
  4057 | D:4      | Killed aredel's ghost
  4057 | D:4      | Reached skill level 12 in Short Blades
  4309 | D:4      | Got a pair of translucent boots
  4315 | D:4      | Identified the +1 pair of boots "Qihaxze" {rF- rC- rN+++ Regen+} (You found it on level 4 of the Dungeon)
  4647 | D:5      | Entered Level 5 of the Dungeon
  4648 | D:5      | Noticed Prince Ribbit
  4672 | D:5      | Killed Prince Ribbit
  4739 | D:5      | Reached XP level 9. HP: 35/52 MP: 9/9
  4933 | D:5      | Reached skill level 13 in Short Blades
  4939 | D:5      | Found Gozag's Platinum Reserve.
  5001 | D:5      | Found an opulent altar of Gozag.
  5721 | D:6      | Reached skill level 5 in Fighting
  5741 | D:6      | Reached skill level 5 in Dodging
  6350 | D:6      | Found a staircase to the Ecumenical Temple.
  6472 | D:6      | Reached **** piety under Trog
  6626 | D:6      | Found a transporter.
  6655 | D:6      | Found a transporter.
  6659 | D:6      | Noticed a kobold demonologist
  7012 | D:6      | Found a snail-covered altar of Cheibriados.
  7176 | D:6      | Noticed an orange demon
  7185 | D:6      | Noticed a hellwing
  7305 | D:6      | Noticed a sixfirhy
  7310 | D:6      | Noticed an ice devil
  7311 | D:6      | Slain by an ice devil

Vault maps used:
D:1:      saegor_arrival_simple_b, st_stairs_7, kennysheep_another_room,
          eino_curves_03
D:2:      grunt_temple_overflow_open, okawaru_ov_weapons_minmay, uniq_sigmund
D:3:      grunt_qazlal_clouds, uniq_grinder
D:4:      serial_glass, glass_columns_b, glass_columns_c
D:5:      first_ration, nicolae_gozag_zags_fifth_avenue, uniq_prince_ribbit1
D:6:      gammafunk_wand_slinger, cheibrodos_worm_habitat,
          minmay_temple_entry_purple_smoke

Skill      XL: |  1  2  3  4  5  6  7  8  9 |
---------------+----------------------------+-----
Short Blades   | 5 6 8 9 11 12 13 | 13.8
Fighting       | 4 6 |  6.5
Dodging        | 3 6 |  6.5
Armour         | |  1.5

Action                   |  1- 3 |  4- 6 |  7- 9 || total
-------------------------+-------+-------+-------++-------
Melee: Short sword       |    15 |       |       ||    15
       Dagger            |    58 |   168 |   492 ||   718
Invok: Berserk           |       |     1 |     5 ||     6
Evoke: Wand              |       |       |    10 ||    10
  Use: Scroll            |     4 |       |     6 ||    10
       Potion            |       |       |     4 ||     4
  Eat: Chunk             |     7 |     6 |    16 ||    29
Armor: Animal skin       |     2 |       |       ||     2
       Ring mail         |     4 |    29 |    56 ||    89
Dodge: Dodged            |    42 |    70 |   210 ||   322

Table legend:
 A = Spawn XP
 B = Non-spawn XP
 C = Spawn XP percentage of total XP
 D = Spawn monster count
 E = Non-spawn monster count
 F = Spawn count percentage of total count
 G = Total turns spent on level
                    A         B        C        D         E        F      G
               +---------+---------+-------+---------+---------+-------+---------
         Total |       0 |    3892 |   0.0 |       0 |     143 |   0.0 |  7311
               +---------+---------+-------+---------+---------+-------+---------
           D:1 |       0 |      27 |   0.0 |       0 |      17 |   0.0 |  1310
           D:2 |       0 |     323 |   0.0 |       0 |      24 |   0.0 |  1130
           D:3 |       0 |     578 |   0.0 |       0 |      31 |   0.0 |  1220
           D:4 |       0 |     686 |   0.0 |       0 |      16 |   0.0 |   987
           D:5 |       0 |     750 |   0.0 |       0 |      17 |   0.0 |  1064
           D:6 |       0 |    1528 |   0.0 |       0 |      38 |   0.0 |  1600
               +---------+---------+-------+---------+---------+-------+---------
